 Dungeon Crawl Stone Soup version 0.23-a0-650-ga4d50d4d25 (webtiles) character file.

64 Morenatsu the Cudgeler (level 3, -1/29 HPs)
             Began as a Demonspawn Berserker on Jan 3, 2019.
             Was a Believer of Trog.
             Slain by a hobgoblin
             ... wielding a +0 club
             ... led by Robin
              (4 damage)
             ... on level 1 of the Dungeon.
             The game lasted 00:02:36 (1566 turns).

Morenatsu the Cudgeler (Demonspawn Berserker)       Turns: 1566, Time: 00:02:37

Health: -1/29      AC:  2    Str: 18    XL:     3   Next: 91%
Magic:  3/3        EV: 12    Int:  8    God:    Trog [**....]
Gold:   69         SH:  0    Dex: 12    Spells: 2/2 levels left

rFire    . . .     SeeInvis .   a - +0 mace
rCold    . . .     Gourm    .   (no shield)
rNeg     . . .     Faith    .   b - +0 animal skin
rPois    .         Spirit   .   (no helmet)
rElec    .         Reflect  .   d - scarf {cloud immunity}
rCorr    .         Harm     .   (no gloves)
MR       .....                  (no boots)
Stlth    +.........             (no amulet)
HPRegen  0.09/turn              (no ring)
MPRegen  0.08/turn              (no ring)

@: berserk cooldown, slowed, very slow
A: spiny 1
a: Berserk, Trog's Hand, Renounce Religion


You were on level 1 of the Dungeon.
You worshipped Trog.
Trog was pleased with you.
You were hungry.

You visited 1 branch of the dungeon, and saw 2 of its levels.

You collected 69 gold pieces.

Inventory:

Hand Weapons
 a - a +0 mace (weapon)
Armour
 b - a +0 animal skin (worn)
 d - a scarf of cloud immunity (worn)
Scrolls
 f - 2 scrolls of teleportation
 h - a scroll of magic mapping
Potions
 e - a potion of cancellation {unknown}
 g - a potion of resistance {unknown}
 i - 2 potions of flight {unknown}
Comestibles
 c - 2 rations
 j - 3 chunks of flesh


   Skills:
 - Level 3.0 Fighting
 + Level 4.4 Maces & Flails
 - Level 1.7 Armour
 - Level 1.7 Dodging


You had 2 spell levels left.
You didn't know any spells.
Your spell library was empty.

Dungeon Overview and Level Annotations

Branches:
Dungeon (2/15)

Altars:


Innate Abilities, Weirdness & Mutations

You are partially covered in sharp spines.


Message History

* * * LOW HITPOINT WARNING * * *
The quokka misses you. The hobgoblin hits you with a +0 club.
* * * LOW HITPOINT WARNING * * *
The kobold misses you.
Things that are here:
2 stones; a goblin corpse You feel a strong urge to attack something.
There is a stone staircase leading up, spattered with blood here.
You are no longer berserk.
You are exhausted.
You feel yourself slow down. The kobold is struck by your spines.
You kill the kobold!
Trog accepts your kill.
You climb upwards.
There is a stone staircase leading down here.
You hit the hobgoblin.
The hobgoblin is severely wounded.
The hobgoblin hits you with a +0 club.
You die...

..........##.# #.#
##........##.# #.#
..........##.# #.#
..........##.# #.#
........#.##.# #.#
.)........##.# ###.#
.#...#######.###...##
...............g....#
...............)@##.#
##..............).#.#
##..............#.#.#
##..............#.#.#
....#..........##.#.#
....#..........##.#.#
....###........##.#.#
.....##........##.#)#
.....##........##.#.#


You could see a hobgoblin.

Vanquished Creatures
  Robin (D:2)
  A dart slug (D:1)
  A leopard gecko (D:1)
  5 giant cockroaches (D:1)
  10 goblins
  11 hobgoblins
  2 jackals (D:1)
  6 kobolds
  A bat (D:1)
  2 frilled lizards (D:1)
  3 rats (D:1)
43 creatures vanquished.

Notes
Turn   | Place    | Note
-------+----------+-------------------------------------------
     0 | D:1      | Morenatsu the Demonspawn Berserker began the quest for the
                  | Orb.
     0 | D:1      | Reached XP level 1. HP: 18/18 MP: 1/1
    80 | D:1      | Reached skill level 3 in Maces & Flails
   116 | D:1      | Gained mutation: You are partially covered in sharp spines.
                  | [demonic ancestry]
   116 | D:1      | Reached XP level 2. HP: 5/24 MP: 2/2
  1039 | D:1      | Reached XP level 3. HP: 29/29 MP: 3/3
  1389 | D:1      | Reached skill level 4 in Maces & Flails
  1448 | D:2      | Noticed Robin
  1453 | D:1      | Reached ** piety under Trog
  1555 | D:2      | Killed Robin
  1566 | D:1      | Slain by a hobgoblin

Vault maps used:
D:1:      lordsloth_arrival_two_stooges
D:2:      lemuel_blue_sif_altar, uniq_natasha, uniq_robin

Skill      XL: |  1  2  3 |
---------------+----------+-----
Maces & Flails | 3 4 |  4.4
Fighting       | |  3.0
Armour         | |  1.7
Dodging        | |  1.7

Action                   || total
-------------------------++-------
Melee: Mace              ||    92
Invok: Berserk           ||     2
  Use: Scroll            ||     4
  Eat: Chunk             ||     3
Armor: Animal skin       ||    19
Dodge: Dodged            ||    83

Table legend:
 A = Non-vault XP
 B = Vault XP
 C = Vault XP percentage of total XP
 D = Non-vault monster count
 E = Vault monster count
 F = Vault count percentage of total count
                 A         B        C        D         E       F
            +---------+---------+-------+---------+---------+-------
      Total |      59 |      33 |  35.9 |      33 |      10 |  23.3
            +---------+---------+-------+---------+---------+-------
        D:1 |      56 |       5 |   8.2 |      31 |       3 |   8.8
        D:2 |       3 |      28 |  90.3 |       2 |       7 |  77.8
            +---------+---------+-------+---------+---------+-------
